Map: Torches LE

Players

Milk - Winner!

  • Race: Terran Terran
  • League: Diamond
  • Spawn Location: 1:00

SubN

  • Race: Zerg Zerg
  • League: Diamond
  • Spawn Location: 5:00

VOD

Have the link to the VOD?

Description

Time

  • Played on: July 26, 2025, 11:06 p.m.
  • Length: 10:18
Show
View Real Time Build Order
Export as new Build Order

Milk Terran - Winner!

Build Orders:  

Get SALT Encoding   

  12  0:01  SCV  
  13  0:13  SCV  
  14  0:17  Supply Depot  
  14  0:25  SCV  
  15  0:38  SCV  
  15  0:40  Barracks  
  16  0:45  Refinery  
  16  0:50  SCV  
  17  1:02  SCV  
  18  1:14  SCV  
  19  1:29  Orbital Command, Barracks Reactor  
  19  1:40  Command Center  
  19  1:50  Supply Depot  
  19  1:55  SCV  
  20  2:02  Bunker  
  20  2:07  Marine, SCV  
  22  2:09  Marine  
  23  2:19  SCV  
  23  2:20  Factory  
  24  2:31  SCV  
  24  2:34  Marine  
  24  2:35  Marine  
  27  2:43  SCV  
  28  2:55  Orbital Command  
  28  2:56  SCV  
  29  3:04  Marine  
  29  3:05  Marine  
  31  3:06  Factory Reactor  
  31  3:07  Starport  
  31  3:13  Barracks  
  31  3:16  Refinery, SCV  
  32  3:24  Marine x2  
  32  3:25  SCV  
  35  3:31  SCV  
  36  3:37  Supply Depot  
  36  3:40  SCV  
  37  3:42  Supply Depot  
  37  3:48  SCV  
  38  3:52  Marine x2  
  38  3:53  SCV  
  41  3:58  Medivac  
  41  3:59  Widow Mine  
  41  4:01  Barracks Tech Lab  
  41  4:02  SCV  
  46  4:09  Supply Depot  
  47  4:11  Supply Depot  
  47  4:13  Marine x2  
  47  4:14  SCV x2  
  50  4:22  Medivac  
  52  4:26  Marine, SCV  
  52  4:27  SCV  
  52  4:31  Marine x2  
  57  4:38  Stimpack  
  57  4:41  SCV  
  57  4:42  SCV  
  57  4:45  Marine  
  60  4:47  Command Center  
  60  4:50  Factory Tech Lab  
  60  4:52  Marine x2  
  61  4:53  SCV  
  63  5:05  SCV  
  63  5:06  SCV  
  66  5:09  Supply Depot  
  66  5:10  Marine  
  66  5:13  Refinery x2  
  67  5:15  Marine  
  67  5:16  Marine  
  67  5:17  SCV  
  67  5:18  SCV  
  67  5:19  Barracks  
  67  5:21  Siege Tank  
  73  5:24  Medivac  
  73  5:28  Marine  
  76  5:29  SCV  
  76  5:30  SCV  
  76  5:33  Marine  
  79  5:41  SCV  
  79  5:42  SCV  
  79  5:56  Marine  
  79  5:57  Marine x2, SCV  
  80  5:58  SCV  
  84  6:10  SCV  
  85  6:14  Marine x2  
  85  6:16  Marine  
  85  6:17  Medivac x2  
  85  6:18  Siege Tank  
  95  6:24  Barracks Reactor  
  95  6:26  Barracks  
  95  6:27  Barracks  
  95  6:28  Engineering Bay  
  95  6:30  Engineering Bay, SCV x2  
  95  6:31  Orbital Command  
  95  6:32  Marine x2  
  98  6:33  Marine  
  98  6:35  Supply Depot  
  98  6:38  Combat Shield  
  100  6:42  SCV  
  101  6:53  Bunker  
  101  6:56  Marine  
  101  6:57  Marauder, SCV x2  
  101  6:58  Marine  
  101  6:59  Supply Depot  
  106  7:09  SCV x2  
  106  7:14  Marine  
  106  7:15  Barracks Tech Lab x2  
  109  7:17  Barracks  
  109  7:18  Terran Infantry Armor Level 1, Terran Infantry Weapons Level 1  
  109  7:20  Marine  
  109  7:21  Marauder, Barracks  
  109  7:22  Supply Depot  
  112  7:23  SCV x3  
  112  7:26  Armory  
  115  7:31  Supply Depot  
  115  7:35  SCV x2  
  117  7:44  Marauder  
  119  7:53  Starport  
  119  7:54  Command Center, Supply Depot  
  119  7:57  Marauder x2, Marine x3, Concussive Shells, Armory  
  126  8:01  Siege Tank  
  126  8:02  Medivac  
  126  8:03  SCV  
  132  8:06  Refinery  
  132  8:07  Refinery  
  132  8:08  Bunker  
  132  8:16  Marauder  
  134  8:23  Marauder, Barracks Tech Lab, Barracks Reactor  
  134  8:24  Marauder  
  134  8:26  Marine x3  
  141  8:36  Supply Depot  
  141  8:38  Missile Turret  
  141  8:40  Marine, Starport Reactor  
  141  8:42  SCV  
  141  8:43  SCV  
  141  8:44  Missile Turret, SCV  
  141  8:45  Marine x2  
  141  8:46  Marine  
  141  8:48  Marauder, Marine  
  141  8:51  Marauder  
  141  8:54  Marauder  
  141  8:56  Missile Turret  
  141  8:58  Supply Depot, Marine  
  141  9:00  Missile Turret x3  
  141  9:01  Marine x2  
  141  9:02  Marine  
  141  9:03  Marine, SCV x2  
  141  9:04  Marine, SCV  
  141  9:09  Marauder  
  149  9:14  Missile Turret  
  149  9:15  SCV x2  
  141  9:29  Marauder, Marine  
  141  9:30  Marauder x2, Marine  
  141  9:31  Marauder  
  145  9:51  Marauder  
  140  9:53  Marauder x3, Marine x6  
Show
View Real Time Build Order
Export as new Build Order

SubN Zerg 

Build Orders: Pool First 

Get SALT Encoding   

  12  0:00  Drone  
  13  0:12  Overlord  
  13  0:17  Drone  
  14  0:30  Drone x2  
  16  0:41  Spawning Pool  
  15  0:44  Drone  
  15  0:48  Drone  
  17  0:55  Drone  
  18  1:11  Hatchery  
  18  1:17  Extractor  
  16  1:20  Drone x2  
  18  1:31  Queen  
  20  1:39  Zergling x4  
  22  1:46  Extractor  
  21  1:50  Zergling x2  
  23  2:00  Overlord  
  23  2:18  Queen  
  23  2:20  Overlord  
  24  2:46  Drone x8  
  31  2:57  Drone  
  32  3:02  Queen  
  34  3:07  Drone x2  
  34  3:12  Roach Warren  
  35  3:15  Drone  
  36  3:20  Overlord  
  36  3:26  Drone x2  
  38  3:37  Drone  
  38  3:38  Drone, Baneling Nest  
  39  3:47  Hatchery  
  38  3:54  Lair  
  38  3:55  Extractor  
  37  3:59  Queen  
  39  4:03  Metabolic Boost  
  39  4:14  Drone x2  
  39  4:17  Evolution Chamber x2  
  40  4:18  Overlord  
  39  4:29  Overlord  
  39  4:36  Drone x7  
  46  4:44  Zerg Melee Weapons Level 1  
  46  4:48  Zerg Ground Armor Level 1  
  46  4:50  Zergling x2  
  46  4:51  Zergling x4  
  49  4:59  Overlord  
  49  5:01  Overlord  
  49  5:05  Baneling, Extractor  
  49  5:06  Baneling  
  48  5:07  Extractor  
  48  5:09  Drone x3  
  48  5:11  Drone x2  
  48  5:12  Drone  
  53  5:20  Zergling x8  
  57  5:21  Zergling x2  
  58  5:29  Baneling  
  57  5:47  Zergling x12  
  59  5:51  Baneling x5  
  59  5:53  Centrifugal Hooks  
  59  6:00  Zergling x4  
  59  6:03  Drone x4  
  62  6:19  Zergling x2  
  62  6:20  Zergling x8  
  67  6:30  Hatchery  
  66  6:37  Drone  
  66  6:38  Spire  
  66  6:55  Zerg Melee Weapons Level 2  
  66  6:56  Zerg Ground Armor Level 2  
  64  7:25  Overlord x2  
  64  7:26  Overlord  
  64  7:39  Overlord  
  64  7:41  Overlord  
  64  7:44  Queen  
  64  7:48  Overseer x2  
  64  7:49  Overseer  
  64  7:50  Mutalisk  
  64  7:51  Mutalisk x4  
  68  7:55  Zergling x2  
  68  7:57  Drone x5  
  68  7:58  Drone x8  
  90  8:05  Mutalisk  
  92  8:15  Baneling  
  92  8:16  Baneling x6  
  92  8:19  Zergling x16  
  101  8:20  Zergling x2  
  101  8:31  Infestation Pit  
  89  8:59  Mutalisk  
  89  9:00  Mutalisk x2  
  95  9:12  Infestor  
  93  9:22  Drone x3  
  93  9:23  Extractor  
  95  9:26  Extractor  
  95  9:28  Zergling x2  
  95  9:29  Zergling x14  
  95  9:30  Zergling x8  
  88  9:59  Drone x2  
Tags
 
Matchup
TvZ
Opening
Pool First
Replay Pack
Multiplayer
Spawn Locations
Close Positions
Add a new tag
Caveats
  • Supply blocks, unpowered buildings, or Contaminate may cause inaccurate times.
  • Supply counts are checked every 10 seconds.